 Dungeon Crawl Stone Soup version 0.23.0-3-gf3c87f2 (webtiles) character file.

Game seed: 6818864370724158994

16 Borgoz the Sneak (level 2, 0/19 (22) HPs)
             Began as a Ghoul Enchanter on Feb 24, 2019.
             Slain by an adder (4 damage)
             ... on level 2 of the Dungeon.
             The game lasted 00:02:10 (1188 turns).

Borgoz the Sneak (Ghoul Enchanter)                  Turns: 1188, Time: 00:02:11

HP:   0/19 (22)     AC: 10    Str: 11    XL:     2   Next: 54%
MP:   1/3           EV: 11    Int: 10    God:
Gold: 72            SH:  0    Dex:  9    Spells: 1/4 levels left

rFire    . . .     SeeInvis +   k - +0 dagger (protect)
rCold    + . .     Gourm    .   (no shield)
rNeg     + + +     Faith    .   i - +0 leather armour
rPois    ∞         Spirit   .   (no helmet)
rElec    .         Reflect  .   (no cloak)
rCorr    .         Harm     .   (no gloves)
MR       .....                  (no boots)
Stlth    ++........             (no amulet)
HPRegen  0.00/turn              c - ring of see invisible
MPRegen  0.08/turn              (no ring)

@: protection aura, rotting
A: rotting body, claws 1, carnivore, cold resistance 1, negative energy
resistance 3, inhibited regeneration, torment resistance, unbreathing
a: no special abilities


You were on level 2 of the Dungeon.
You were not hungry.

You visited 1 branch of the dungeon, and saw 2 of its levels.

You collected 72 gold pieces.

Inventory:

Hand Weapons
 k - a +0 dagger of protection (weapon)
Missiles
 m - 15 poisoned needles
Armour
 i - a +0 leather armour (worn)
Jewellery
 c - a ring of see invisible (left claw)
Scrolls
 a - a scroll of identify
Potions
 b - a potion of might {unknown}
 e - a potion of heal wounds {unknown}
 g - a potion of curing {unknown}
 h - a potion of haste
 j - a potion of flight {unknown}
Comestibles
 d - 2 rations


   Skills:
 + Level 0.7 Fighting
 + Level 1.1 Short Blades
 + Level 0.6 Armour
 + Level 1.9 Dodging
 + Level 3.4 Stealth
 - Level 1.7 Spellcasting
 + Level 2.5 Hexes


You had one spell level left.
You knew the following spells:

 Your Spells              Type           Power        Failure   Level  Hunger
a - Corona                Hex            #......      16%         1    ##.....
b - Ensorcelled Hibernat  Hex/Ice        #.....       36%         2    ###....

Your spell library contained the following spells:

 Spells                   Type           Power        Failure   Level  Hunger
 Confuse                  Hex            #.......     41%         3    ####...
 Tukima's Dance           Hex            #.......     41%         3    ####...
 Dazzling Spray           Conj/Hex       #.....       58%         3    ####...


Dungeon Overview and Level Annotations

Branches:
Dungeon (2/15)

Altars:


Innate Abilities, Weirdness & Mutations

Your body is rotting away.
You thrive on raw meat.
You are immune to poison.
You have sharp fingernails.
You are carnivorous and can eat meat at any time.
Your flesh is cold resistant. (rC+)
You are immune to negative energy. (rN+++)
You do not regenerate when monsters are visible.
You are immune to unholy pain and torment.
You can survive without breathing.


Message History

You hit the adder.
The adder is almost dead.
The adder bites you.
* * * LOW HITPOINT WARNING * * *
Your leather armour prevents you from hitting the adder.
The adder is almost dead.
The adder closely misses you. The adder barely misses you.
Okay, then.
You hit the adder but do no damage.
The adder is almost dead.
The adder closely misses you.
You aren't carrying any items that you can evoke.
Unknown command.
You barely miss the adder.
The adder is almost dead.
The adder bites you but does no damage.
You barely miss the adder.
The adder is almost dead.
The adder bites you.
You die...

######## ..
#...<..# ######.
#......# .......
#.^....# .......
##......# .......
##.......# .......
#........#
.......##.########
#.....S@.#
#....##### #...
#.. #.. #. #


You could see an adder.

Vanquished Creatures
  A dart slug (D:1)
  A ball python (D:1)
  A giant cockroach (D:1)
  3 hobgoblins (D:1)
  2 bats (D:1)
  A frilled lizard (D:1)
  3 goblins (D:1)
  A rat (D:1)
  A bush (D:1)
14 creatures vanquished.

Notes
Turn   | Place    | Note
-------+----------+-------------------------------------------
     0 | D:1      | Borgoz the Ghoul Enchanter began the quest for the Orb.
     0 | D:1      | Reached XP level 1. HP: 14/14 MP: 2/2
   264 | D:1      | Reached skill level 1 in Short Blades
   446 | D:1      | Reached XP level 2. HP: 18/22 MP: 3/3
   580 | D:1      | Learned a level 2 spell: Ensorcelled Hibernation
  1188 | D:2      | Slain by an adder

Skill      XL: |  1 |
---------------+----+-----
Short Blades   | 1 |  1.1
Fighting       | |  0.7
Armour         | |  0.6
Dodging        | |  1.9
Stealth        | |  3.4
Spellcasting   | |  1.7
Hexes          | |  2.5

Action                   || total
-------------------------++-------
Melee: Dagger            ||   315
 Cast: Ensorcelled Hiber ||     1
  Use: Scroll            ||     2
 Stab: Sleeping          ||     3
  Eat: Chunk             ||     4
Armor: Robe              ||     4
       Leather armour    ||    13
Dodge: Dodged            ||    28
